 Dungeon Crawl Stone Soup version 0.17.0-17-ge4ba49f (console) character file.

64 2d6 the Charmwright (level 3, 0/31 HPs)
             Began as a Draconian Skald on Nov 10, 2015.
             Was an Initiate of Makhleb.
             Slain by a gnoll
             ... wielding a +0 halberd
              (14 damage)
             ... on level 3 of the Dungeon.
             The game lasted 00:09:40 (1569 turns).

2d6 the Charmwright (Draconian Skald)               Turns: 1569, Time: 00:09:40

Health: 0/31       AC:  5    Str: 15    XL:     3   Next: 91%
Magic:  5/6        EV: 12    Int: 12    God:    Makhleb [......]
Gold:   86         SH:  0    Dex: 10    Spells: 2 memorised, 3 levels left

rFire  . . .     SeeInvis .     h - -2 dagger (curse)
rCold  . . .     Clarity  .     (armour unavailable)
rNeg   . . .     SustAt   +     (no shield)
rPois  .         Gourm    .     (helmet restricted)
rElec  .         Spirit   .     (no cloak)
rCorr  .         Warding  .     (no gloves)
rMut   .         Stasis   .     (no boots)
MR     .....                    (no amulet)
Stlth  +.........               (no ring)
                                d - ring of sustain attributes

@: very slightly contaminated, not resistant to hostile enchantments, very
unstealthy
A: unfitting armour, cold-blooded, AC +5
a: Renounce Religion


You were on level 3 of the Dungeon.
You worshipped Makhleb.
Makhleb was noncommittal.
You were not hungry.

You visited 1 branch of the dungeon, and saw 3 of its levels.

You collected 86 gold pieces.

Inventory:

Hand Weapons
 a - a +0 falchion
 h - a cursed -2 dagger (weapon)
 k - a +0 hunting sling
 l - a +1 spear of flaming
 n - a -2 long sword
Missiles
 j - 74 stones (quivered)
Jewellery
 d - a ring of sustain attributes (left hand)
Potions
 e - a potion of lignification {unknown}
 i - 2 potions of flight {unknown}
Books
 b - a book of Battle

   Spells                             Type                      Level
   a - Infusion                       Charms                       1
   b - Shroud of Golubria             Charms/Translocation         2
   c - Song of Slaying                Charms                       2
   d - Spectral Weapon                Hexes/Charms                 3
   e - Regeneration                   Charms/Necromancy            3
Comestibles
 f - 3 meat rations


   Skills:
 + Level 3.0 Fighting
 + Level 2.4 Long Blades
 + Level 2.2 Dodging
 + Level 2.1 Spellcasting
 + Level 3.1 Charms


You had 3 spell levels left.
You knew the following spells:

 Your Spells              Type           Power        Failure   Level  Hunger
a - Infusion              Chrm           #.....       10%         1    ##.....
b - Song of Slaying       Chrm           #.......     12%         2    ###....


Dungeon Overview and Level Annotations

Branches:
Dungeon (3/15)

Altars:
Makhleb
The Shining One


Innate Abilities, Weirdness & Mutations

Your plain brown scales are hard (AC +5).
Your body does not fit into most forms of armour.
You are cold-blooded and may be slowed by cold attacks.


Message History

The gnoll hits you with a halberd!
A bat and a goblin come into view.
The goblin shouts!
You hit the gnoll but do no damage. The gnoll hits you but does no damage.
The goblin moves out of view.
An adder comes into view.
You completely miss the gnoll.
Your tail-slap misses the gnoll.
Casting: Infusion
Confirm with . or Enter, or press ? or * to list all spells.
You miscast Infusion.
You are very lightly contaminated with residual magic.
Nothing appears to happen.
The gnoll closely misses you.
A gnoll comes into view. It is wielding a club.
The gnoll shouts!
You hit the gnoll but do no damage.
The gnoll moves out of view.
The gnoll hits you with a halberd!
You hit the gnoll but do no damage.
Your tail-slap misses the gnoll.
The gnoll hits you with a halberd.
You hit the gnoll but do no damage. The gnoll hits you with a halberd!
You die...

#..........
####...###....
#......# #....
#####.###..###..##
#.......##.....##
#.###.#.###...##
#.# #.#.# ###.#
#.# #.# # #+# #@#
..# #g# .## #b# .
#g.


.gg ##.. .. r.. You could see 3 gnolls, a goblin, a bat and a rat (wandering).

Vanquished Creatures
  An adder (D:2)
  2 giant geckos (D:1)
  5 bats
  A giant cockroach (D:1)
  11 goblins
  7 hobgoblins
  8 jackals (D:1)
  4 kobolds
  A ball python (D:1)
  A giant newt (D:2)
  3 rats
44 creatures vanquished.

Notes
Turn   | Place    | Note
--------------------------------------------------------------
     0 | D:1      | 2d6 the Draconian Skald began the quest for the Orb.
     0 | D:1      | Reached XP level 1. HP: 17/17 MP: 3/3
    63 | D:1      | Reached XP level 2. HP: 11/25 MP: 5/5
   610 | D:1      | Reached XP level 3. HP: 30/30 MP: 3/6
   751 | D:2      | Reached skill level 3 in Charms
   998 | D:2      | Learned a level 2 spell: Song of Slaying
  1194 | D:2      | Found a glowing golden altar of the Shining One.
  1379 | D:2      | Found a burning altar of Makhleb.
  1389 | D:2      | Became a worshipper of Makhleb the Destroyer
  1569 | D:3      | Slain by a gnoll

Action                   || total
-------------------------++-------
Melee: Falchion          ||   132
       Dagger            ||    34
       Long sword        ||    10
 Cast: Infusion          ||     4
  Use: Scroll            ||     4
  Eat: Bread ration      ||     1
